 Dungeon Crawl Stone Soup version 0.27.1-4-g1640c2035a (webtiles) character file.

Game seed: 4843896768764771440

0 zeram the Sneak (level 1, 0/10 HPs)
             Began as a Spriggan Brigand on Nov 15, 2021.
             Killed from afar by a dart slug (4 damage)
             ... with a slug dart
             ... on level 1 of the Dungeon.
             The game lasted 00:00:15 (82 turns).

zeram the Sneak (Spriggan Brigand)                    Turns: 82, Time: 00:00:16

Health: 0/10       AC:  3    Str:  7    XL:     1   Next: 8%
Magic:  2/2        EV: 16    Int: 12    God:
Gold:   13         SH:  0    Dex: 16    Spells: 0/0 levels left

rFire    . . .     SeeInvis +   a - +2 dagger
rCold    . . .     Faith    .   (shield restricted)
rNeg     . . .     Spirit   .   b - +0 robe
rPois    .         Reflect  .   (helmet restricted)
rElec    .         Harm     .   c - +0 cloak
rCorr    .         Rampage  .   (gloves unavailable)
Will     .....                  (boots unavailable)
Stlth    +++.......             (no amulet)
HPRegen  0.03/turn              (no ring)
MPRegen  0.08/turn              (no ring)

@: very quick
A: very small, no large weapons, unfitting armour, see invisible, speed 3
a: no special abilities


You were on level 1 of the Dungeon.
You visited 1 branch of the dungeon, and saw 1 of its levels.

You collected 13 gold pieces.

Inventory:

Hand Weapons
 a - a +2 dagger (weapon)
Missiles
 d - 8 poisoned darts (quivered)
 e - 2 curare-tipped darts
Armour
 b - a +0 robe (worn)
 c - a +0 cloak (worn)
Potions
 f - a potion of curing {unknown}


   Skills:
 - Level 1.5 Fighting
 + Level 2.1 Short Blades
 - Level 2.0 Throwing
 + Level 1.3 Dodging
 + Level 5.9 Stealth


You couldn't memorise any spells.
You didn't know any spells.
Your spell library was empty.

Dungeon Overview and Level Annotations

Branches:
Dungeon (1/15)

Altars:


Innate Abilities, Weirdness & Mutations

You are very small and have problems with some larger weapons.
You are too small for most types of armour.
You have supernaturally acute eyesight. (SInv)
You cover ground extremely quickly. (Speed+++)


Message History

You open the door.
Found 12 stones.
There is an open door here.
Found a stone staircase leading down.
Found 13 gold pieces.
You now have 13 gold pieces.
A goblin comes into view. It is wielding a +0 dagger.
A goblin is nearby!
A goblin is nearby!
A goblin is nearby!
A goblin is nearby!
A frilled lizard and a hobgoblin come into view.
The goblin shouts!
The frilled lizard hisses angrily.
A dart slug comes into view.
A kobold comes into view.
It is wielding a +2 short sword of distortion.
The goblin closely misses you.
The hobgoblin shouts!
You hit the frilled lizard.
You kill the frilled lizard!
The goblin closely misses you.
You hit the goblin but do no damage. The dart slug misses you.
You closely miss the goblin. The goblin hits you but does no damage.
The dart slug launches a dart at you. The slug dart hits you.
Unknown command.
You closely miss the goblin. The goblin completely misses you.
You hit the hobgoblin.
The hobgoblin is lightly wounded.
The goblin barely misses you. The hobgoblin barely misses you.
The dart slug bites you but does no damage.
You barely miss the hobgoblin.
The hobgoblin is lightly wounded.
The goblin hits you with a +0 dagger. The hobgoblin misses you.
Unknown command.
You hit the dart slug but do no damage. You hit the dart slug.
The dart slug is moderately wounded.
The dart slug launches a dart at you. The slug dart hits you.
You die...

#........##########
#........# ###....
#######........# #......
#..............# #......
#..............# #......
#..............# ###.###
#......####+##.# #.#
#.....g####.##.######.###
......gw@................
#.....K####.##.#......###
#...... #.##.#......#
#...... #.##.#......#
....... ...#.#......#
.#..... ####.#...(..###
....... ...........>
.#..... #.#.....####
#####.#


You could see a dart slug, a hobgoblin, a goblin and a kobold.

Vanquished Creatures
  A frilled lizard (D:1)
1 creature vanquished.

Notes
Turn   | Place    | Note
-------+----------+-------------------------------------------
     0 | D:1      | zeram the Spriggan Brigand began the quest for the Orb.
     0 | D:1      | Reached XP level 1. HP: 10/10 MP: 2/2
    82 | D:1      | Killed from afar by a dart slug

Illustrated notes

Levels and vault maps discovered:
D:1:      mushboom_english_gardens, layout_basic, serial_curves, eino_curves_01,
          eino_curves_01, eino_curves_02, eino_curves_03,
          minmay_misc_feat_enclosed

Action                   || total
-------------------------++-------
Melee: Dagger            ||     8
Armor: Robe              ||     2
Dodge: Dodged            ||     7
